 Dungeon Crawl Stone Soup version 0.20.1-1-g8b1a95d66d (webtiles) character file.

2040 Gargoyl the Chopper (level 9, -1/73 HPs)
             Began as a Centaur Abyssal Knight on Nov 23, 2017.
             Was a Priest of Lugonu.
             Slain by a sky beast (5 damage)
             ... on level 8 of the Dungeon.
             The game lasted 00:13:41 (6789 turns).

Gargoyl the Chopper (Centaur Abyssal Knight)        Turns: 6789, Time: 00:13:43

Health: -1/73      AC: 15    Str: 14 (17) XL:     9   Next: 4%
Magic:  3/13       EV:  2    Int: 10 (11) God:    Lugonu [***...]
Gold:   458        SH:  0    Dex:  9 (12) Spells: 8/8 levels left

rFire    . . .     SeeInvis .   a - +2 hand axe
rCold    . . .     Gourm    .   (no shield)
rNeg     . . .     Faith    .   x - +0 plate armour
rPois    .         Spirit   .   m - +0 helmet
rElec    .         Reflect  .   e - +0 cloak
rCorr    .         Harm     .   o - +1 pair of gloves
MR       .....                  (no barding)
Stlth    ..........             (no amulet)
Regen    0.3/turn               v - +2 ring of strength
MPRegen  0.2/turn               (no ring)

@: lethally poisoned (-1 -> -3), flying, very quick
A: hooves 3, deformed body, speed 2, tough skin 3
a: Depart the Abyss, Bend Space, Banish, Renounce Religion


You were on level 8 of the Dungeon.
You worshipped Lugonu.
Lugonu was most pleased with you.
You were very hungry.

You visited 1 branch of the dungeon, and saw 9 of its levels.
You visited the Abyss 1 time.

You collected 458 gold pieces.

Inventory:

Hand Weapons
 a - a +2 hand axe (weapon)
Armour
 e - a +0 cloak (worn)
 m - a +0 helmet (worn)
 o - a +1 pair of gloves (worn)
 x - a +0 plate armour (worn)
Jewellery
 v - a +2 ring of strength (left hand)
Scrolls
 g - 3 scrolls of identify
 h - 2 scrolls of enchant weapon
 j - a scroll of remove curse
 q - 2 scrolls of amnesia
 y - a scroll of fear
Potions
 b - 2 potions of flight
 k - 2 potions of haste
 n - 2 potions of agility
 p - a potion of resistance
 s - a potion of might {unknown}
 t - a potion of curing {unknown}
 u - a potion of lignification {unknown}
Comestibles
 c - 6 bread rations
 d - 4 meat rations
 f - 7 fruits
 i - 2 royal jellies


   Skills:
 + Level 4.8 Fighting
 + Level 5.9 Axes
 * Level 5.8 Armour
 + Level 2.1 Dodging
 * Level 5.6 Invocations


You had 8 spell levels left.
You didn't know any spells.

Dungeon Overview and Level Annotations

Branches:
Dungeon (9/15)
 Temple: D:4-7         Lair: D:8-11         Orc: D:9-12

Altars:
Trog
Xom
Zin

Shops:
D:6 (


Innate Abilities, Weirdness & Mutations

You have hooves in place of feet.
Armour fits poorly on your strangely shaped body.
You cover ground very quickly.
You have extremely tough skin. (AC +3)


Message History

* * * LOW HITPOINT WARNING * * *
Something hits you but does no damage. The killer bee stings you.
* * * LOW HITPOINT WARNING * * *
Press: ? - help, Shift-Dir - straight line, f/p - killer bee
Aim: a killer bee (chance to defeat MR: 88%)
The killer bee is devoured by a tear in reality.
Lugonu claims a new guest.
You are feeling very hungry.
You can no longer corrupt the fabric of space.
You feel sick. Something hits you but does no damage.
It was a potion of flight.
You feel very buoyant.
You fly up into the air.
Something hits you but does no damage.
It was a potion of degeneration.
There was something very wrong with that liquid.
You feel weakened.
You feel dopey.
You feel clumsy. Something hits you.
* * * LOW HITPOINT WARNING * * *
Something shocks you.
You die...

...... . :....
.. ...# #.. ..#
#.. #.#
#...##.#####
#.........#
#{@...#
......§§§...#
.......§§.....#
..####......###
#......#
#......#
#.###### ..


There were no monsters in sight!

Vanquished Creatures
  Sigmund (D:2)
  Edmund (D:6)
  A sky beast (D:9)
  The ghost of tensugalgo the Ruffian, an amateur NaFi (D:3)
  2 phantoms (D:5)
  A centaur (D:6)
  2 bullfrogs (D:6)
  2 scorpions (D:5)
  A howler monkey (D:5)
  A centaur zombie (D:6)
  4 crimson imps (D:3)
  3 hounds
  2 jellies (D:5)
  2 orc priests (D:6)
  2 centaur skeletons
  2 orc wizards (D:6)
  A bullfrog skeleton (D:5)
  3 worker ants
  A worker ant zombie (D:7)
  A howler monkey skeleton (D:5)
  A howler monkey zombie (D:6)
  10 gnolls
  9 adders
  A shadow imp (D:5)
  2 worms (D:2)
  2 dart slugs
  7 leopard geckos
  11 orcs
  4 giant cockroaches
  5 goblins
  9 hobgoblins
  14 jackals
  6 quokkas
  A ball python skeleton (D:6)
  8 bats
  A frilled lizard (D:3)
  A jackal skeleton (D:4)
  9 kobolds
  A quokka skeleton (D:5)
  9 rats
145 creatures vanquished.

Vanquished Creatures (others)
  A kraken (D:1)
  A minotaur (D:1)
  3 draconians (D:1)
  A gargoyle (D:1)
  A vine stalker (D:1)
  A formicid (D:1)
  A naga (D:1)
  An orc warrior (D:5)
  2 centaurs (D:1)
  An ogre (D:1)
  3 killer bees (D:8)
  A mummy (D:1)
  An orc (D:1)
  A kobold (D:1)
  26 tentacles (D:1)
45 creatures vanquished.

Grand Total: 190 creatures vanquished

Notes
Turn   | Place    | Note
-------+----------+-------------------------------------------
     0 | Abyss:1  | Gargoyl the Centaur Abyssal Knight began the quest for the Orb.
     0 | Abyss:1  | Reached XP level 1. HP: 19/19 MP: 2/2
   158 | Abyss:1  | Noticed a small abomination
   162 | Abyss:1  | Noticed a thrashing horror
   165 | D:1      | Escaped the Abyss
   168 | D:1      | Killed a centaur
   171 | D:1      | Killed a gargoyle
   176 | D:1      | Killed a draconian
   181 | D:1      | Killed a formicid
   181 | D:1      | Killed a centaur
   182 | D:1      | Killed a draconian
   184 | D:1      | Killed an ogre
   185 | D:1      | Killed a draconian
   188 | D:1      | Killed a naga
   191 | D:1      | Killed a vine stalker
   196 | D:1      | Killed a minotaur
   199 | D:1      | Killed a kraken
   282 | D:1      | Noticed a ghoul
   427 | D:1      | Reached * piety under Lugonu
   431 | D:1      | Reached XP level 2. HP: 6/26 MP: 3/3
  1371 | D:2      | Reached XP level 3. HP: 19/31 MP: 4/4
  1500 | D:2      | Noticed Sigmund
  1721 | D:2      | Killed Sigmund
  1721 | D:2      | Reached skill level 1 in Dodging
  1721 | D:2      | Reached XP level 4. HP: 35/38 MP: 4/6
  1721 | D:2      | Reached XP level 5. HP: 41/45 MP: 4/7
  2188 | D:2      | Reached ** piety under Lugonu
  2213 | D:2      | Reached XP level 6. HP: 39/51 MP: 8/8
  3106 | D:3      | Noticed tensugalgo's ghost (amateur NaFi)
  3121 | D:3      | Killed tensugalgo's ghost
  3531 | D:3      | Found a shimmering altar of Xom.
  3556 | D:3      | Reached XP level 7. HP: 57/57 MP: 9/9
  4143 | D:4      | Found a bloodstained altar of Trog.
  4497 | D:5      | Entered Level 5 of the Dungeon
  4509 | D:5      | Reached *** piety under Lugonu
  4944 | D:5      | Reached XP level 8. HP: 41/66 MP: 11/11
  5400 | D:6      | Reached skill level 5 in Axes
  5400 | D:6      | Reached skill level 5 in Invocations
  5676 | D:6      | Found Dulala's Weapon Emporium.
  5962 | D:6      | Reached skill level 5 in Armour
  6155 | D:6      | Noticed Edmund
  6177 | D:6      | Killed Edmund
  6210 | D:6      | Found a glowing silver altar of Zin.
  6566 | D:7      | You fall through a shaft for 2 floors!
  6566 | D:9      | Found a bloodstained altar of Trog.
  6587 | D:9      | Reached **** piety under Lugonu
  6744 | D:9      | Reached XP level 9. HP: 47/72 MP: 13/13
  6782 | D:8      | HP: 3/73 [killer bee (7)]
  6789 | D:8      | Slain by a sky beast

Skill      XL: |  1  2  3  4  5  6  7  8 |
---------------+-------------------------+-----
Axes           | 2 3 4 5 |  5.9
Armour         | 2 3 4 5 |  5.8
Dodging        | 1 2 |  2.1
Invocations    | 3 4 5 |  5.6
Fighting       | 4 |  4.8

Action                   |  1- 3 |  4- 6 |  7- 9 || total
-------------------------+-------+-------+-------++-------
Melee: Hand axe          |    65 |   156 |   342 ||   563
       Kick              |    16 |    27 |    81 ||   124
Invok: Depart the Abyss  |     1 |       |       ||     1
       Banish            |       |       |     4 ||     4
  Use: Scroll            |     7 |     1 |     6 ||    14
       Potion            |     1 |       |     4 ||     5
  Eat: Chunk             |     2 |     5 |     9 ||    16
Armor: Leather armour    |    18 |    82 |       ||   100
       Chain mail        |       |    55 |    59 ||   114
       Plate armour      |       |       |   227 ||   227
Dodge: Dodged            |    20 |    87 |    56 ||   163
